 Dungeon Crawl Stone Soup version 0.26-a0-800-g517d6fe721 (webtiles) character file.

Game seed: 73998940923334061

4470 iamoutofideas the Grappler (level 10, -2/89 (91) HPs)
             Began as a Troll Hunter on Nov 11, 2020.
             Was a High Priest of Okawaru.
             Slain by a centaur warrior skeleton (8 damage)
             ... on level 10 of the Dungeon.
             The game lasted 00:10:27 (7771 turns).

iamoutofideas the Grappler (Troll Hunter)           Turns: 7771, Time: 00:10:28

HP:   -2/89 (91)    AC:  6    Str: 31    XL:     10   Next: 15%
MP:   9/9           EV: 15    Int:  8    God:    Okawaru [*****.]
Gold: 510           SH:  0    Dex: 10    Spells: 9/9 levels left

rFire    . . .     SeeInvis +     - Unarmed
rCold    . . .     Faith    .   (no shield)
rNeg     . . .     Spirit   .   b - +0 robe
rPois    .         Reflect  .   (helmet restricted)
rElec    .         Harm     .   (no cloak)
rCorr    .         Rampage  .   (gloves unavailable)
MR       .....                  (boots unavailable)
Stlth    ++........             D - amulet "Wuecit" {RegenMP Str+7 SInv}
HPRegen  0.64/turn              x - +4 ring of slaying
MPRegen  0.36/turn              J - +4 ring of evasion

@: no status effects
A: large, unfitting armour, claws 3, regeneration 1, shaggy fur 1, tough skin 3
a: Heroism, Finesse, Renounce Religion


You were on level 10 of the Dungeon.
You worshipped Okawaru.
Okawaru was extremely pleased with you.
You visited 2 branches of the dungeon, and saw 11 of its levels.

You collected 510 gold pieces.

Inventory:

Missiles
 c - 15 large rocks (quivered)
 d - 2 throwing nets
 i - 92 sling bullets
 K - 122 stones
Armour
 b - a +0 robe (worn)
 G - a +0 kite shield
Jewellery
 k - an uncursed ring of wizardry
 w - an uncursed ring of stealth
 x - a +4 ring of slaying (left claw)
 D - the amulet "Wuecit" (around neck) {RegenMP Str+7 SInv}
   (You found it on level 6 of the Dungeon)

   [amulet of magic regeneration]

   It increases your magic regeneration.
   It affects your strength (+7).
   It lets you see invisible.
 J - a +4 ring of evasion (right claw)
 O - an uncursed ring of protection from magic
Wands
 y - a wand of flame (14)
 z - a wand of iceblast (6)
 C - a wand of polymorph (7)
 E - a wand of random effects (18)
Scrolls
 j - 5 scrolls of remove curse
 l - 14 scrolls of teleportation
 n - a scroll of random uselessness {unknown}
 p - 3 scrolls of magic mapping {unknown}
 q - a scroll of noise {unknown}
 t - 2 scrolls of fog {unknown}
 u - 3 scrolls of enchant weapon
 v - 2 scrolls of blinking {unknown}
 A - a scroll of identify
 B - 2 scrolls of immolation {unknown}
 F - a scroll of silence {unknown}
 H - a scroll of torment {unknown}
 I - a scroll of vulnerability {unknown}
 L - 2 scrolls of amnesia {unknown}
 M - a scroll of holy word {unknown}
Potions
 a - 5 potions of degeneration
 e - 3 potions of flight {unknown}
 f - 4 potions of might {unknown}
 g - 4 potions of brilliance
 h - a potion of resistance {unknown}
 m - 2 potions of mutation
 o - 2 potions of heal wounds
 r - 2 potions of haste
 s - a potion of berserk rage {unknown}
 N - 2 potions of attraction {unknown}
 P - a potion of lignification {unknown}


   Skills:
 * Level 3.6 Fighting
 * Level 5.5 Throwing
 * Level 4.9 Dodging
 + Level 2.0 Stealth
 + Level 11.6 Unarmed Combat
 + Level 0.1 Invocations


You had 9 spell levels left.
You didn't know any spells.
Your spell library contained the following spells:

 Spells                   Type           Power        Failure   Level
 Sandblast                Erth           #.....       41%         1
 Passwall                 Tmut/Erth      #.......     54%         2
 Stone Arrow              Conj/Erth      #.....       78%         3
 Petrify                  Tmut/Erth      #.......     99%         4
 Lee's Rapid Deconstruct  Erth           #.........   100%        5


Dungeon Overview and Level Annotations

Branches:
Dungeon (10/15)            Temple (1/1) D:5             Orc (0/2) D:9
   Lair: D:8-11

Altars:
Ashenzari
Cheibriados
Dithmenos
Elyvilon
Fedhas
Gozag
Hepliaklqana
Makhleb
Nemelex Xobeh
Okawaru
Qazlal
Ru
Sif Muna
Trog
Uskayaw
Vehumet
Wu Jian
Xom
Yredelemnul
Zin
The Shining One

Shops:
D:9 *


Innate Abilities, Weirdness & Mutations

You are too large for most types of armour.
You have claws for hands.
Your natural rate of healing is unusually fast.
You are covered in fur. (AC +1)
You have extremely tough skin. (AC +3)


Message History

Okawaru will now gift you equipment as you gain piety.
Your Stealth skill increases to level 2!
You scratch the centaur warrior skeleton.
You claw the centaur warrior skeleton!
The centaur warrior skeleton is moderately damaged.
The centaur warrior skeleton hits you!
* * * LOW HITPOINT WARNING * * *
You eviscerate the centaur warrior skeleton!!!
The centaur warrior skeleton is almost destroyed.
The centaur warrior skeleton hits you.
* * * LOW HITPOINT WARNING * * *
Throwing (i - inventory. (/) - cycle)
c - 16 large rocks (quivered)
Press: ? - help, Shift-Dir - straight line, f - centaur warrior skeleton
Aim: a centaur warrior skeleton (almost destroyed)
You throw a large rock.
The large rock completely misses the centaur warrior skeleton.
The centaur warrior skeleton hits you.
* * * LOW HITPOINT WARNING * * *
The centaur warrior skeleton hits you!
You die...

..........#..#..............
....###'###..#..............
... #.....+...........[.....
. #.....#.................
#....##...########'##...
#....##..## #...#...
#....##...# #<......
#..(.##..## ##......
#(....Z@..# #+#####
#.....#...# #.....#####
#####.# ###


You could see a centaur warrior skeleton.

Vanquished Creatures
  A two-headed ogre (D:10)
  A cyclops (D:9)
  Menkaure (D:6)
  A warg (D:9)
  A water moccasin (D:6)
  A sky beast (D:5)
  An orc warrior (D:8)
  3 ice beasts
  2 black bears
  A phantom (D:7)
  2 necrophages
  2 ogres
  3 centaurs
  A gnoll sergeant (D:8)
  3 bullfrogs
  A scorpion (D:4)
  A wyvern skeleton (D:7)
  6 killer bees (D:9)
  5 wights (D:6)
  6 hounds
  5 orc wizards
  A bullfrog skeleton (D:8)
  A centaur skeleton (D:7)
  4 orc priests (D:9)
  An iguana (D:6)
  8 worker ants
  A hound zombie (D:5)
  2 hound skeletons
  A worker ant zombie (D:6)
  4 gnolls (D:8)
  4 adders
  4 shadow imps
  A white imp (D:8)
  2 ufetubi
  2 oozes
  2 adder skeletons
  2 worms (D:2)
  2 dart slugs (D:2)
  11 leopard geckos
  14 orcs
  6 ball pythons
  5 bats
  4 giant cockroaches
  7 hobgoblins
  4 quokkas
  3 frilled lizards
  A giant cockroach zombie (D:6)
  2 gnoll zombies (D:7)
  9 goblins
  8 kobolds
  A quokka zombie (D:5)
  6 rats
171 creatures vanquished.

Notes
Turn   | Place    | Note
-------+----------+-------------------------------------------
     0 | D:1      | iamoutofideas the Troll Hunter began the quest for the Orb.
     0 | D:1      | Reached XP level 1. HP: 19/19 MP: 0/0
   394 | D:1      | Reached XP level 2. HP: 27/27 MP: 1/1
   640 | D:1      | Reached skill level 1 in Unarmed Combat
   876 | D:2      | Reached skill level 2 in Unarmed Combat
   876 | D:2      | Reached XP level 3. HP: 23/33 MP: 2/2
  1232 | D:2      | Reached skill level 3 in Unarmed Combat
  1437 | D:2      | Reached XP level 4. HP: 36/41 MP: 3/3
  2260 | D:3      | Found a shimmering blue altar of Sif Muna.
  2317 | D:4      | Reached skill level 4 in Unarmed Combat
  2352 | D:4      | Reached XP level 5. HP: 41/48 MP: 4/4
  2370 | D:4      | Found an iron altar of Okawaru.
  2413 | D:4      | Became a worshipper of Warmaster Okawaru
  2485 | D:4      | Reached skill level 5 in Unarmed Combat
  2523 | D:4      | Found a snail-covered altar of Cheibriados.
  2886 | D:4      | Found a shadowy altar of Dithmenos.
  2886 | D:4      | Found a shimmering altar of Xom.
  2910 | D:4      | Reached XP level 6. HP: 51/55 MP: 5/5
  2941 | D:5      | Entered Level 5 of the Dungeon
  3027 | D:5      | Found a staircase to the Ecumenical Temple.
  3086 | D:5      | Noticed a sky beast
  3094 | D:5      | Killed a sky beast
  3094 | D:5      | Reached skill level 6 in Unarmed Combat
  3332 | D:5      | Reached * piety under Okawaru
  3591 | D:6      | Found a hide-covered altar of Uskayaw.
  3591 | D:6      | Noticed Menkaure
  3596 | D:6      | Killed Menkaure
  3596 | D:6      | Reached skill level 7 in Unarmed Combat
  3596 | D:6      | Reached XP level 7. HP: 62/62 MP: 6/6
  3633 | D:6      | Reached skill level 8 in Unarmed Combat
  3890 | D:6      | Reached ** piety under Okawaru
  4204 | D:6      | Got a flickering zirconium amulet
  4230 | D:6      | Identified the amulet "Wuecit" {RegenMP Str+7 SInv} (You
                  | found it on level 6 of the Dungeon)
  4279 | D:6      | Reached skill level 9 in Unarmed Combat
  4279 | D:6      | Reached XP level 8. HP: 64/70 MP: 7/7
  4332 | D:6      | Found a radiant altar of Vehumet.
  4675 | D:7      | Reached skill level 10 in Unarmed Combat
  4768 | D:7      | Reached *** piety under Okawaru
  4961 | D:7      | Found a basalt altar of Yredelemnul.
  5230 | D:8      | Reached XP level 9. HP: 61/80 MP: 8/8
  5290 | D:8      | Found a bloodstained altar of Trog.
  5459 | D:8      | Reached skill level 1 in Stealth
  6053 | D:9      | Found a staircase to the Orcish Mines.
  6274 | Temple   | Entered the Ecumenical Temple
  6624 | D:9      | Reached **** piety under Okawaru
  6777 | D:9      | Reached skill level 11 in Unarmed Combat
  6860 | D:9      | Reached skill level 5 in Throwing
  7098 | D:9      | Found a glowing golden altar of the Shining One.
  7147 | D:9      | Found a blossoming altar of Fedhas.
  7346 | D:9      | Noticed a cyclops
  7348 | D:9      | Killed a cyclops
  7356 | D:9      | Found Fial's Lightly-Used Armoury.
  7605 | D:9      | Received a gift from Okawaru
  7679 | D:10     | Entered Level 10 of the Dungeon
  7742 | D:10     | Noticed a two-headed ogre
  7762 | D:10     | Killed a two-headed ogre
  7762 | D:10     | Reached XP level 10. HP: 24/90 MP: 9/9
  7768 | D:10     | Reached ***** piety under Okawaru
  7771 | D:10     | Slain by a centaur warrior skeleton

Illustrated notes

Levels and vault maps discovered:
D:1:      minmay_arrival_plants_in_alcoves, layout_basic,
          minmay_misc_feat_plants
D:2:      layout_basic, minmay_fountain_box
D:3:      layout_rooms, serial_corexii_hall, chequers_hall_statues_y,
          corexii_hall_statues_u, corexii_hall_statues_s,
          corexii_hall_statues_x, corexii_hall_statues_u,
          corexii_hall_statues_x, chequers_serial_rivers_micro_c,
          kennysheep_flooded_box, dk_noncrumbling_4, serial_park_tiny_1
D:4:      layout_basic, old_standard_altar, gammafunk_temple_overflow_wave,
          okawaru_ov_weapons_minmay
D:5:      layout_loops_ring, minmay_temple_entry_arrows
D:6:      layout_basic, eat_drink_and_be_merry_uskayaw, kennysheep_little_box,
          uniq_menkaure
D:7:      layout_cave_pools, lemuel_zombie_altar_yredelemnul
D:8:      layout_loops_cross, lightli_temple_of_fire, bh_walls_and_bars
D:9:      layout_loops_ring, kennysheep_vampire_church, old_standard_altar,
          david_orc_3, minmay_shop_damaged, fedhas_altar_2
D:10:     layout_gridville
Temple:   minmay_temple_bridge_abc

Skill      XL: |  1  2  3  4  5  6  7  8  9 10 |
---------------+-------------------------------+-----
Unarmed Combat | 2 3 4 5 7 9 10 11 | 11.6
Dodging        | 3 4 |  4.9
Throwing       | 4 5 |  5.5
Fighting       | 2 3 |  3.6
Stealth        | 1 2 |  2.0
Invocations    | |  0.1

Action                   |  1- 3 |  4- 6 |  7- 9 | 10-12 || total
-------------------------+-------+-------+-------+-------++-------
Melee: Unarmed           |   130 |   108 |   257 |     6 ||   501
       Punch             |       |     3 |    10 |     1 ||    14
Throw: Large rock        |       |       |     4 |     1 ||     5
Invok: Heroism           |       |       |     2 |       ||     2
  Use: Potion            |       |       |     8 |       ||     8
       Scroll            |       |       |    11 |       ||    11
 Stab: Sleeping          |     1 |     1 |     5 |       ||     7
Armor: Robe              |    50 |    31 |    82 |     1 ||   164
Dodge: Dodged            |    64 |    53 |   158 |     4 ||   279

Table legend: (Time is in decaauts)
 A = Elapsed time spent in this place.
 B = Non-inter-level travel time spent in this place.
 C = Inter-level travel time spent in this place.
 D = Time resting spent in this place.
 E = Time spent auto-exploring this place.
 F = Levels seen in this place.
 G = Mean time per level.
                   A        B        C        D        E       F      G
               +--------+--------+--------+--------+--------+-----+--------+
         Total |   7717 |   7253 |    464 |    936 |   5159 |  11 |  701.5 |
       Dungeon |   7498 |   7061 |    437 |    936 |   4967 |  10 |  749.8 |
        Temple |    218 |    192 |     26 |      0 |    192 |   1 |  218.0 |
               +--------+--------+--------+--------+--------+-----+--------+

Top non-repeatable levels by time:
     D:9: 1113 daAuts
     D:5: 945 daAuts
     D:8: 938 daAuts
     D:2: 838 daAuts
     D:1: 814 daAuts
     D:7: 769 daAuts
     D:6: 729 daAuts
     D:3: 644 daAuts
     D:4: 632 daAuts
  Temple: 218 daAuts
    D:10: 71 daAuts
